 Dungeon Crawl Stone Soup version 0.27-a0-1378-gdefffd1ff6 (webtiles) character file.

Game seed: 16864030645416442282

55 mothramber the Chopper (level 3, 0/33 HPs)
             Began as a Minotaur Berserker on June 30, 2021.
             Was a Follower of Trog.
             Slain by a crimson imp (1 damage)
             ... summoned by Natasha
             ... on level 2 of the Dungeon.
             The game lasted 00:10:35 (1744 turns).

mothramber the Chopper (Minotaur Berserker)         Turns: 1744, Time: 00:10:35

Health: 0/33       AC:  3    Str: 22    XL:     3   Next: 67%
Magic:  2/2        EV: 12    Int:  4    God:    Trog [*.....]
Gold:   52         SH:  0    Dex:  9    Spells: 2/2 levels left

rFire    . . .     SeeInvis .   a - +0 hand axe
rCold    . . .     Faith    .   (no shield)
rNeg     . . .     Spirit   .   i - +0 leather armour
rPois    .         Reflect  .   (helmet restricted)
rElec    .         Harm     .   (no cloak)
rCorr    .         Rampage  .   (no gloves)
Will     .....                  (no boots)
Stlth    +.........             (no amulet)
HPRegen  0.11/turn              (no ring)
MPRegen  0.08/turn              (no ring)

@: no status effects
A: horns 2, retaliatory headbutt
a: Renounce Religion, Berserk


You were on level 2 of the Dungeon.
You worshipped Trog.
Trog was aware of your devotion.
You visited 1 branch of the dungeon, and saw 2 of its levels.

You collected 52 gold pieces.

Inventory:

Hand Weapons
 a - a +0 hand axe (weapon)
 g - a +0 hunting sling
 q - a +0 mace of venom
Missiles
 f - 84 stones
 r - 14 arrows
Armour
 b - a +0 animal skin
 e - a +0 ring mail
 i - a +0 leather armour (worn)
Jewellery
 h - a +6 ring of strength
 n - a ring of magical power
Scrolls
 c - 2 scrolls of silence {unknown}
 k - a scroll of teleportation {unknown}
 o - a scroll of identify {unknown}
Potions
 d - a potion of attraction {unknown}
 j - a potion of curing {unknown}
 l - a potion of haste {unknown}
 m - a potion of heal wounds
 p - a potion of brilliance {unknown}
 s - a potion of invisibility {unknown}


   Skills:
 + Level 4.2 Fighting
 + Level 4.5 Axes
 + Level 3.0 Armour
 + Level 2.7 Dodging


You had 2 spell levels left.
You didn't know any spells.
Your spell library was empty.

Dungeon Overview and Level Annotations

Branches:
Dungeon (2/15)

Altars:

Shops:
D:2 *

Annotations:
D:2 Natasha


Innate Abilities, Weirdness & Mutations

You have a pair of horns on your head.
You reflexively headbutt those who attack you in melee.


Message History

Natasha claws you.
* * * LOW HITPOINT WARNING * * *
You slash Natasha!
You kill Natasha!
Trog accepts your kill.
Trog appreciates your killing of a magic user.
Natasha screams in fury as she dies!
Your Armour skill increases to level 3!
You closely miss the ball python. The ball python closely misses you.
The ball python grabs you.
* * * LOW HITPOINT WARNING * * *
The ball python constricts you.
The ball python bites you but does no damage.
* * * LOW HITPOINT WARNING * * *
The ball python constricts you.
You hit the ball python. You headbutt the ball python.
You kill the ball python!
Trog accepts your kill.
You start resting.
A goblin comes into view. It is wielding a +0 club.
You start resting.
Natasha, Servant of Life and Death comes into view.
Natasha hisses angrily.
Natasha casts a spell at you. The magic dart hits you.
* * * LOW HITPOINT WARNING * * *
Natasha mumbles some strange words.
You barely miss Natasha.
You hit the crimson imp but do no damage.
Natasha barely misses you.
The crimson imp hits you but does no damage.
You closely miss Natasha. You headbutt Natasha!
Natasha is severely wounded.
You hit the crimson imp.
Natasha drinks a potion.
Natasha is healed!
The crimson imp hits you but does no damage.
You barely miss Natasha. Your headbutt misses Natasha.
You miss the crimson imp. Natasha claws you!
* * * LOW HITPOINT WARNING * * *
The crimson imp hits you.
You die...

#######.......#### #.......##..
##### #.......##.. #...#
########.########..
########...####........########.>
.............................#..
...#.)..# #.######.######.#..
#####.#....####5######.######.#.#
.....g†.........@h...............
###.#.#.###.##########.######.#.#
#.#.# #.# #.......... #.#.###.#
#####.......#.. ..#.....##
#...........#
...#####.....#####...........#
...'.............'......######
...#####.....#####^.....# #######
#......#


You could see Natasha and a crimson imp (summoned).

Vanquished Creatures
  Natasha (D:2)
  A dart slug (D:2)
  5 bats
  An endoplasm (D:2)
  4 giant cockroaches (D:1)
  3 goblins (D:1)
  3 hobgoblins (D:1)
  3 ball pythons
  A frilled lizard (D:1)
  A kobold (D:2)
  3 rats
26 creatures vanquished.

Notes
Turn   | Place    | Note
-------+----------+-------------------------------------------
     0 | D:1      | mothramber the Minotaur Berserker began the quest for the
                  | Orb.
     0 | D:1      | Reached XP level 1. HP: 19/19 MP: 0/0
   567 | D:1      | Reached XP level 2. HP: 27/27 MP: 1/1
  1564 | D:2      | Found Emmep's Assorted Antiques.
  1659 | D:2      | Reached XP level 3. HP: 32/33 MP: 2/2
  1659 | D:2      | Noticed Natasha
  1676 | D:2      | Killed Natasha
  1735 | D:2      | Noticed Natasha
  1744 | D:2      | HP: 1/33 [Natasha (9)]
  1744 | D:2      | Slain by a crimson imp

Illustrated notes

Levels and vault maps discovered:
D:1:      lemuel_arrival_hallway, layout_basic, minmay_misc_feat_four_crosses
D:2:      layout_basic, shapermc_ecumenical_altar_flowoftime, serial_shops,
          shop, uniq_natasha

Skill      XL: |  1  2  3 |
---------------+----------+-----
Fighting       | 4 |  4.2
Axes           | 4 |  4.5
Armour         | 3 |  3.0
Dodging        | |  2.7

Action                   || total
-------------------------++-------
Melee: Hand axe          ||    81
       Headbutt          ||    14
Armor: Animal skin       ||    11
       Leather armour    ||    17
Dodge: Dodged            ||    43

Table legend: (Time is in decaauts)
 A = Elapsed time spent in this place.
 B = Non-inter-level travel time spent in this place.
 C = Inter-level travel time spent in this place.
 D = Time resting spent in this place.
 E = Time spent auto-exploring this place.
 F = Levels seen in this place.
 G = Mean time per level.
                   A        B        C        D        E       F      G
               +--------+--------+--------+--------+--------+-----+--------+
         Total |   1751 |   1751 |      0 |    400 |    706 |   2 |  875.5 |
       Dungeon |   1751 |   1751 |      0 |    400 |    706 |   2 |  875.5 |
               +--------+--------+--------+--------+--------+-----+--------+

Top non-repeatable levels by time:
     D:1: 1461 daAuts
     D:2: 289 daAuts
